Description

Koka build edit with stim 2nd refinery in it

Replay - Aura de mort EC (6)

Build Order

Get SALT Encoding   

  12  0:00  SCV  
  13  0:12  SCV  
  14  0:16  Supply Depot  
  14  0:24  SCV  
  15  0:38  SCV  
  15  0:39  Barracks  
  16  0:44  Refinery  
  16  0:50  SCV  
  17  1:02  SCV  
  18  1:14  SCV  
  19  1:26  Marine  
  19  1:27  Orbital Command  
  20  1:40  Command Center  
  20  1:46  Marine  
  21  1:53  SCV  
  22  1:58  Barracks  
  22  2:07  Barracks Tech Lab, Supply Depot  
  22  2:10  SCV  
  23  2:17  Engineering Bay  
  23  2:26  Refinery  
  23  2:28  SCV  
  24  2:30  Stimpack  
  24  2:34  Marine  
  25  2:45  Barracks Reactor  
  25  2:48  Terran Infantry Weapons Level 1  
  25  2:53  Marine x2  
  31  3:12  Factory  
  31  3:21  Marine x2  
  35  3:31  Supply Depot  
  36  3:39  Marine x2  
  43  3:56  Factory Reactor  
  43  3:57  Starport  
  46  4:08  Supply Depot  
  47  4:10  Combat Shield  
  49  4:20  Orbital Command  
  51  4:31  Supply Depot  
  55  4:42  Medivac x2  
  66  5:07  Barracks x2  
  74  5:29  Command Center  
Spawning Tool Build Advisor. Get it on Overwolf

Analysis

Basic build against all race

Go to:

Details

  • Created by: Nazhold
  • Published on: Aug 27, 2020
  • Modified on: Aug 27, 2020
  • Patch: 4.11.0
  • Difficulty: Easy
Show
View Real Time Build Order
Export as new Build Order

Comments (0)

There are no comments. Be the first!

Create an account to comment!